wizhack, chaotic female elven Wizard ----------- |.........| ---------- ......[...I## #.>%......| |.....<...| @ ###|........| --.-------- `'###################-........| ## # ---------- # # ### # ### # # ############### -----------# ---- ## ----------- |.........|# |...|## |.........|# # |.......{.|# |...|# |..........#######-..........# |....# |.........| |.........| |...|#########..........| |.........| -----# |.........| |.........| `## -------.--- ----------- wizhack the Thaumaturge Experience level: 6 Strength: 9 Dexterity: 17 Constitution: 14 Intelligence: 17 Wisdom: 12 Charisma: 9 Health: 0(45) Energy: 63(88) Def: 1 Gold: 495 Moves: 3356 Dungeon seed: 6QuizFzQqu7zXcnn Game ID: wizhack_1465471982 Your Inventory: Coins $ - 495 gold pieces Amulets o - a cursed amulet of strangulation named cursed Weapons a - a blessed +1 quarterstaff (weapon in hands) n - 9 +0 darts p - a poisoned +3 dart q - a poisoned +0 dart t - 11 +0 arrows u - a +0 bow v - a cursed -1 dagger C - a +0 elven dagger L - a +0 short sword Armor e - an uncursed +0 cloak of magic resistance (being worn) y - an uncursed +0 dwarvish cloak Comestibles I - an uncursed candy bar O - an uncursed lembas wafer Q - 2 uncursed food rations S - a cursed tin of gray ooze Scrolls i - a blessed scroll of remove curse j - an uncursed scroll of remove curse B - a cursed scroll of remove curse J - an uncursed scroll of blank paper K - a cursed scroll of blank paper R - a cursed scroll of identify Spellbooks k - a blessed spellbook of force bolt l - an uncursed spellbook of create monster F - an uncursed spellbook of jumping P - an uncursed spellbook of cause fear Potions f - 2 uncursed potions of water g - an uncursed potion of fruit juice w - a blessed potion of confusion E - an uncursed potion of restore ability G - an uncursed potion of gain energy Rings c - an uncursed ring of polymorph d - an uncursed ring of slow digestion x - an uncursed -1 ring of increase damage Wands b - a wand of slow monster (0:7) Tools m - an uncursed leather drum D - an uncursed tin whistle Gems r - an uncursed worthless piece of green glass z - 2 uncursed worthless pieces of orange glass N - 2 uncursed worthless pieces of violet glass Y - an uncursed worthless piece of black glass Spells and supernatural/magical abilities: Name Level Category Fail Memory a - force bolt 1 attack 0% 84% O - create monster 2 clerical 51% 84% W - pray for help -- divine ? -- Your skills at the end: Fighting Skills Weapon Skills quarterstaff [Basic] Spellcasting Skills attack spells [Basic] enchantment spells [Basic] Final Attributes: You were piously aligned. You were sleep resistant. You were poison resistant. You were magic-protected. You had infravision. You are dead. Vanquished creatures: a werewolf a dingo a blue jelly 3 human zombies 2 rock moles a fog cloud a violet fungus a gray ooze a straw golem a paper golem a floating eye a kitten a dwarf 2 kobold lords 3 iguanas 6 killer bees an acid blob a hobbit 6 manes 2 hobgoblins 2 brown molds 4 yellow molds 4 gnomes 2 geckos 3 jackals a fox 2 goblins 3 sewer rats a bat 2 lichens 2 kobold zombies 5 newts 68 creatures vanquished. Voluntary challenges: You used a wielded weapon 103 times, starting on turn 58. You read items or engraved 4 times, starting on turn 2610. You never genocided any monsters. You never polymorphed an object. You never changed form. You used no wishes. You never split a pudding. You wrote Elbereth's name 3 times, starting on turn 2610. You never violated your personal moral code. Dungeon overview: The Dungeons of Doom: levels 1 to 10 Level 1 a fountain a long staircase Level 2 a general store stairs to The Gnomish Mines Level 3 a fountain Level 4 a sink Level 5 Level 6 a fountain Level 7 a sink Level 8 many fountains Level 9 <- You were here a fountain Level 10 (big room) some fountains The Gnomish Mines: Level 3 stairs to The Dungeons of Doom History has recorded: On T:1 you entered the Dungeons of Doom to retrieve the Amulet of Yendor! On T:220 you reached level 2 of The Dungeons of Doom. On T:746 you reached level 3 of The Dungeons of Doom. On T:783 you reached level 1 of The Gnomish Mines. On T:788 you advanced to experience level 2. On T:832 you advanced to experience level 3. On T:1025 you reached level 4 of The Dungeons of Doom. On T:1307 you reached level 5 of The Dungeons of Doom. On T:1529 you advanced to experience level 4. On T:1762 you reached level 6 of The Dungeons of Doom. On T:2227 you reached level 7 of The Dungeons of Doom. On T:2422 you advanced to experience level 5. On T:2441 you reached level 8 of The Dungeons of Doom. On T:2622 you advanced to experience level 6. On T:3104 you reached level 9 of The Dungeons of Doom. On T:3290 you reached level 10 of The Dungeons of Doom. Score breakdown: Gold: 495 ( 9169 points) Experience: 6 levels (12456 points) Exploration: 10 levels ( 20.83%) (13127 points) Discoveries: 3 items ( 1.08%) ( 3116 points) Valuables value: (no points given unless you survive) Artifact value: 0 ( 0 points) Variety of kills: 32 monsters ( 8.40%) ( 8694 points) Turncount: 3356 turns ( -765 points) Survival: died (score multiplied by 80%) Total score: 36637 Latest messages: A wererat [seen: normal vision, infravision] on the floor of a room. With great effort you move the boulder. You try to move the boulder, but in vain. (2x) The gold golem hits! (4x) You write in the dust with your fingers. The gold golem turns to flee! You think there's a mimic there. There's still a monster there. (17x) Something is written here in the dust. You read: "Elbercth". You see no objects here. You begin praying to Anhur. You are surrounded by a shimmering light. The gold golem starts to attack you, but pulls back. (2x) You feel that Anhur is well-pleased. The spell hits the gold golem! The gold golem hits! (2x) You die... Final status: Goodbye wizhack the Wizard, killed by a gold golem... You died in The Dungeons of Doom on dungeon level 9 with 36637 points, and 495 pieces of gold, after 3356 moves. You were level 6 with a maximum of 45 hit points when you died.